AoeStats
← chup

MegaRandom

510144078Analyzed
3v3 RM · 2d ago on Sep 29, 2026· 45m 54s· 6 players
Game mode
Random Map
Map size
Normal (6 player)
Population
200
Speed
Normal
Resources
Standard
Victory
Conquest
Starting age
Dark Age
Ending age
Imperial Age
RankedLock teamsTeams togetherTeam positionsShared explorationLock speedFull tech treeHidden civsTurbo modeCheats
Victory
Defeat
🇨🇭 Berbers · Switzerland
1186
+16
🇨🇭 Britons · Switzerland
1182
+16
🇨🇭 Saxons · Switzerland
1131
+18
🇧🇪 Burgundians · Belgium
1205
-18
🇳🇱 Persians · Netherlands
1190
-17
🇸🇪 Malians · Sweden
1150
-15
Brasserie
11:14 Feudal Age
14:51 Castle Age
12:43 Double-Bit Axe
14:33 Scale Barding Armor
16:02 Bow Saw
17:04 Horse Collar
17:50 Heavy Plow
18:03 Loom
23:07 Wheelbarrow
23:49 Pikeman
24:53 Scale Mail Armor
25:03 Forging
26:26 Chain Mail Armor
33:16 Imperial Age
33:34 Iron Casting
33:02 Padded Archer Armor
33:20 Gold Mining
33:21 Stone Mining
36:10 Plate Mail Armor
36:40 Cavalier
38:40 Husbandry
39:17 Bloodlines
39:48 Chain Barding Armor
41:00 Chemistry
41:54 Ballistics
41:52 Fletching
42:38 Plate Barding Armor
42:45 Bodkin Arrow
46:23 Gold Shaft Mining
46:27 Stone Shaft Mining
chup
5:08 Loom
10:09 Feudal Age
11:54 Double-Bit Axe
11:52 Horse Collar
17:33 Castle Age
16:04 Horse Collar
23:53 Padded Archer Armor
23:36 Crossbowman
24:28 Fletching
28:03 Wheelbarrow
27:13 Town Watch
28:24 Bodkin Arrow
32:05 Town Patrol
36:22 Imperial Age
36:16 Hand Cart
36:32 Arbalester
37:14 Bracer
37:30 Leather Archer Armor
37:31 Elite Skirmisher
39:01 Ballistics
39:42 Chemistry
40:06 Conscription
41:08 Ring Archer Armor
Aganthyr
5:09 Loom
11:28 Feudal Age
16:03 Castle Age
14:32 Double-Bit Axe
14:28 Horse Collar
17:36 Bow Saw
21:13 Wheelbarrow
21:17 Heavy Plow
25:45 Gold Mining
25:48 Stone Mining
26:33 Scale Mail Armor
26:44 Forging
26:28 Fletching
27:51 Gold Shaft Mining
31:11 Imperial Age
29:48 Hand Cart
31:04 Fortified Wall
31:14 Ballistics
31:06 Masonry
30:43 Town Watch
31:17 Chain Mail Armor
31:38 Iron Casting
31:29 Shield Wall
32:48 Elite Varangian Guard
36:06 Conscription
36:02 Arson
36:18 Squires
36:33 Town Patrol
39:25 Pikeman
40:38 Elite Hearth Troop
41:18 Bodkin Arrow
41:54 Plate Mail Armor
42:59 Guilds
42:34 Halberdier
Ralphie
9:35 Loom
11:56 Feudal Age
13:49 Double-Bit Axe
15:08 Horse Collar
17:43 Castle Age
17:17 Stone Mining
17:19 Gold Mining
20:27 Bloodlines
21:02 Gold Shaft Mining
27:40 Town Watch
28:31 Wheelbarrow
28:12 Heavy Plow
30:22 Stone Shaft Mining
32:21 Hand Cart
35:04 Imperial Age
32:46 Caravan
33:36 Bow Saw
34:39 Town Patrol
34:51 Cavalier
35:32 Husbandry
34:53 Light Cavalry
35:34 Herbal Medicine
35:19 Crossbowman
37:11 Conscription
36:52 Kamandaran
38:45 Elite Skirmisher
39:41 Scale Barding Armor
39:47 Forging
39:27 Fletching
40:57 Chain Barding Armor
Squeeze
2:02 Loom
11:22 Feudal Age
13:29 Double-Bit Axe
13:30 Horse Collar
13:41 Gold Mining
18:26 Castle Age
19:33 Wheelbarrow
18:44 Town Watch
19:32 Bow Saw
19:19 Stone Mining
21:23 Forging
26:12 Man-at-Arms
28:47 Long Swordsman
33:28 Gold Shaft Mining
32:54 Fletching
33:49 Scale Mail Armor
38:38 Murder Holes
44:02 Imperial Age
TLDR
3:11 Double-Bit Axe
10:49 Feudal Age
9:41 Gold Mining
11:58 Bow Saw
17:42 Castle Age
16:29 Horse Collar
17:56 Scale Barding Armor
17:47 Cavalier
18:30 Husbandry
19:14 Loom
23:07 Forging
23:28 Stone Mining
25:09 Chain Barding Armor
27:02 Ballistics
28:32 Heavy Plow
32:56 Iron Casting
33:29 Wheelbarrow
32:40 Town Watch
37:17 Imperial Age
35:04 Hand Cart
37:08 Fletching
37:20 Padded Archer Armor
37:37 Masonry
37:37 Burgundian Vineyards
37:25 Paladin
37:26 Light Cavalry
39:11 Chemistry
38:56 Plate Barding Armor
41:26 Blast Furnace
41:23 Hussar
Connection lost

Rejoining the realm…

Still unreachable

The connection could not be restored.

Session expired

The server has moved on; the page needs a fresh start.